 Dungeon Crawl Stone Soup version 0.31.0-7-gf635a9b802 (webtiles) character file.

Game seed: 440584482792680191

73 Arctor the Shooter (level 4, -3/26 HPs)
             Began as a Kobold Hexslinger on Jan 24, 2024.
             Incinerated by a bombardier beetle (5 damage)
             ... with a burning spray
             ... on level 3 of the Dungeon.
             The game lasted 00:01:29 (1977 turns).

Arctor the Shooter (Kobold Hexslinger)              Turns: 1977, Time: 00:01:30

Health: -3/26      AC:  2    Str:  5    XL:     4   Next: 51%
Magic:  6/6        EV: 14    Int: 14    God:
Gold:   131        SH:  4    Dex: 19    Spells: 4/6 levels left

rFire   . . .        a - +1 sling
rCold   + . .        f - +0 buckler
rNeg    . . .        c - +0 robe
rPois   .            (no helmet)
rElec   .            (no cloak)
rCorr   .            (no gloves)
SInv    .            (no boots)
Will    .....        (no amulet)
Stlth   +            d - ring of protection from cold
HPRegen 0.24/turn    (no ring)
MPRegen 0.10/turn

%: no passive effects
@: on fire, glowing
A: small, no large weapons, nightstalker 3
a: no special abilities


You were on level 3 of the Dungeon.
You visited 1 branch of the dungeon, and saw 3 of its levels.

You collected 131 gold pieces.

Inventory:

Hand Weapons
 a - a +1 sling (weapon)
Armour
 c - a +0 robe (worn)
 f - a +0 buckler (worn)
Jewellery
 d - a ring of protection from cold (left hand)
Wands
 n - a wand of mindburst (18)
Scrolls
 b - a scroll of poison
 e - a scroll of noise {unknown}
 g - a scroll of teleportation {unknown}
 h - 2 scrolls of identify {unknown}
 j - a scroll of torment {unknown}
 o - a scroll of revelation {unknown}
Potions
 i - a potion of curing {unknown}
 k - a potion of magic {unknown}
 l - a potion of resistance {unknown}
 m - a potion of heal wounds {unknown}


   Skills:
 + Level 1.9 Fighting
 + Level 3.5 Ranged Weapons
 + Level 3.0 Dodging
 + Level 1.9 Spellcasting
 + Level 3.3 Hexes
 + Level 1.6 Fire Magic


You had 4 spell levels left.
You knew the following spells:

 Your Spells              Type           Power      Damage    Failure   Level
a - Jinxbite              Hex            20%        N/A       17%         2

Your spell library contained the following spells:

 Spells                   Type           Power      Damage    Failure   Level
 Sigil of Binding         Hex            10%        N/A       34%         3
 Inner Flame              Hex/Fire       8%         N/A       43%         3
 Cause Fear               Hex            5%         N/A       75%         4
 Dimensional Bullseye     Hex/Tloc       3%         N/A       92%         4


Dungeon Overview and Level Annotations

Branches:
Dungeon (3/15)

Altars:

Shops:
D:2 :


Innate Abilities, Weirdness & Mutations

You are small and have problems with some larger weapons.
You are completely attuned to the shadows.


Message History

The bombardier beetle bites you but does no damage.
You shoot a sling bullet.
The sling bullet hits the bombardier beetle.
The bombardier beetle is heavily wounded.
You block the bombardier beetle's attack.
You shoot a sling bullet.
The sling bullet hits the bombardier beetle.
The bombardier beetle is heavily wounded.
The bombardier beetle sprays incendiary fluid at you.
The burning spray hits you.
You are covered in liquid fire!
You shoot a sling bullet.
The sling bullet hits the bombardier beetle but does no damage.
The bombardier beetle is heavily wounded.
The liquid fire burns you!
You shoot a sling bullet.
The sling bullet hits the bombardier beetle.
The bombardier beetle is severely wounded.
The liquid fire burns you!
You block the bombardier beetle's attack.
You shoot a sling bullet.
The sling bullet hits the bombardier beetle but does no damage.
The bombardier beetle is severely wounded.
The liquid fire burns you! The bombardier beetle misses you.
You are too injured to fight recklessly!
You are too injured to fight recklessly!
You shake off some of the fire as you move.
The liquid fire burns you!
* * * LOW HITPOINT WARNING * * *
You shake off the liquid fire.
The bombardier beetle sprays incendiary fluid at you.
The burning spray hits you.
You are covered in liquid fire!
You shake off some of the fire as you move.
The liquid fire burns you!
* * * LOW HITPOINT WARNING * * *
You shake off some of the fire as you move.
The liquid fire burns you!
You die...

......... .....##.#
.......... ....#..#
.........# ###....##
........# #......##.
..<..B.### #.........
.........## #.....#...
........>.## #.......##
...........#####.....###
........@...........##
####.......#####....#
##.....## #.....#
#.......# ##....#
#.......# ######
#.......# ##.....##
##...## #####


You could see a bombardier beetle.

Vanquished Creatures
  2 adders
  A dart slug (D:2)
  8 endoplasms
  A giant cockroach (D:3)
  10 goblins
  3 hobgoblins
  3 jackals (D:2)
  4 kobolds
  5 ball pythons
  5 bats
  A frilled lizard (D:2)
  5 rats
48 creatures vanquished.

Notes
Turn   | Place    | Note
-------+----------+-------------------------------------------
     0 | D:1      | Arctor the Kobold Hexslinger began the quest for the Orb.
     0 | D:1      | Reached XP level 1. HP: 12/12 MP: 2/2
   263 | D:1      | Reached XP level 2. HP: 16/16 MP: 3/3
   876 | D:2      | Reached XP level 3. HP: 20/20 MP: 5/5
  1250 | D:2      | Reached XP level 4. HP: 26/26 MP: 6/6
  1511 | D:2      | Learned a level 2 spell: Jinxbite
  1555 | D:2      | Found Doamush's Book Emporium.
  1977 | D:3      | Incinerated by a bombardier beetle

Illustrated notes

Levels and vault maps discovered:
D:1:      minmay_arrival_shattered_statue, layout_basic
D:2:      layout_loops_ring, serial_shops, shop, mrwooster_statue_mirror,
          grunt_decor_resistance, minmay_split_cup_large
D:3:      layout_rooms, nicolae_overflow_hidden_temple,
          nicolae_ecumenical_oubliette, gup_sewer_entry_pipe,
          hangedman_abyss_or_decor_stabs

Skill      XL: |  1  2  3  4 |
---------------+-------------+-----
Ranged Weapons | 3 |  3.5
Dodging        | 3 |  3.0
Fighting       | |  1.9
Spellcasting   | |  1.9
Hexes          | |  3.3
Fire Magic     | |  1.6

Action                     |  1- 3 |  4- 6 || total
---------------------------+-------+-------++-------
  Melee: Sling             |    11 |       ||    11
   Fire: Sling             |    83 |    45 ||   128
    Use: Potion            |     1 |       ||     1
 Armour: Robe              |    17 |     6 ||    23
  Dodge: Dodged            |    40 |    15 ||    55
  Block: Buckler           |       |     4 ||     4
